 Dungeon Crawl Stone Soup version 0.22-b1-21-g5cfc1688f2 (webtiles) character file.

172061 Jorund the Earth Mage (level 18, -1/125 HPs)
             Began as a Formicid Earth Elementalist on Aug 7, 2018.
             Was a High Priest of Vehumet.
             Slain by a tentacled starspawn (28 damage)
             ... on level 2 of the Abyss.
             The game lasted 02:20:48 (35732 turns).

Jorund the Earth Mage (FoEE)                       Turns: 35732, Time: 02:20:48

Health: -1/125     AC: 17    Str: 23    XL:     18   Next: 66%
Magic:  4/39       EV: 12    Int: 20    God:    Vehumet [*****.]
Gold:   1578       SH: 10    Dex: 19    Spells: 24/51 levels left

rFire    . . .     SeeInvis +   p - +9 rapier (elec)
rCold    + . .     Gourm    .   w - +0 buckler
rNeg     + + .     Faith    .   r - +2 robe {rN+}
rPois    .         Spirit   .   (helmet unavailable)
rElec    +         Reflect  +   Z - +2 cloak {+Inv}
rCorr    .         Harm     .   E - +0 pair of gloves
MR       +....                  B - +1 pair of boots
Stlth    ++........             Q - amulet of Feffa {Reflect +Blink rElec Int-2 Dex+2 SH+5}
HPRegen  0.30/turn              P - ring of Iwkipn {+Inv rElec rN+ Dex+6}
MPRegen  0.26/turn              Y - +5 ring of protection

@: mighty
A: permanent stasis, dig shafts and tunnels, four strong arms, antennae 3,
talons 1, icy blue scales 1, cold resistance 1, strong 2
a: Dig, Shaft Self, Renounce Religion, Evoke Invisibility


You were on level 2 of the Abyss.
You worshipped Vehumet.
Vehumet was extremely pleased with you.
You were not hungry.

You visited 5 branches of the dungeon, and saw 27 of its levels.
You visited the Abyss 2 times.

You collected 2706 gold pieces.
You spent 1128 gold pieces at shops.

Inventory:

Hand Weapons
 p - a +9 rapier of electrocution (weapon)
 R - the +5 broad axe "Xecoerch" {drain, rF- MR+ Int+4 Dex+2}
   (You found it on level 5 of the Lair of Beasts)

   A truly terrible weapon, it drains the life of those it strikes.
   It affects your intelligence (+4).
   It affects your dexterity (+2).
   It makes you vulnerable to fire.
   It affects your resistance to hostile enchantments.
Missiles
 X - 213 stones (quivered)
Armour
 r - a +2 robe of positive energy (worn)
 w - a +0 buckler (worn)
 B - a +1 pair of boots (worn)
 E - a +0 pair of gloves (worn)
 H - a +2 robe of cold resistance
 M - a scarf of cloud immunity
 N - the -5 pair of gloves of Vakapa {rF+ Regen+ Int+5 Dex-5}
   (You found it on level 4 of the Lair of Beasts)

   It affects your intelligence (+5).
   It affects your dexterity (-5).
   It protects you from fire.
   It increases your rate of regeneration.
 W - the +5 leather armour "Tecy Bih" {Str+2 Int+4}
   (You took it off a deep elf high priest on level 3 of the Elven Halls)

   It affects your strength (+2).
   It affects your intelligence (+4).
 Z - a +2 cloak of invisibility (worn)
Magical Staves
 u - an uncursed staff of power
Jewellery
 b - the ring of Xom's Full Attention {+Inv AC+4 Slay+2 Stlth+}
   (You took it off a tengu reaver on level 13 of the Dungeon)

   [ring of protection]

   It affects your AC (+4).
   It affects your accuracy and damage with ranged weapons and melee attacks
   (+2).
   It lets you turn invisible.
   It makes you more stealthy.
 m - an uncursed ring of positive energy
 s - an uncursed ring of wizardry
 t - an uncursed ring of resist corrosion
 P - the ring of Iwkipn (left hand) {+Inv rElec rN+ Dex+6}
   (You acquired it on level 4 of the Lair of Beasts)

   [ring of dexterity]

   It affects your dexterity (+6).
   It insulates you from electricity.
   It protects you from negative energy.
   It lets you turn invisible.
 Q - the amulet of Feffa (around neck) {Reflect +Blink rElec Int-2 Dex+2 SH+5}
   (You acquired it on level 4 of the Lair of Beasts)

   [amulet of reflection]

   It shields you and reflects attacks.
   It affects your intelligence (-2).
   It affects your dexterity (+2).
   It insulates you from electricity.
   It lets you blink.
   It affects your SH (+5).
 Y - a +5 ring of protection (right hand)
Wands
 n - a wand of paralysis (34)
 y - a wand of clouds (4)
 A - a wand of digging (27)
 J - a wand of random effects (18)
 L - a wand of disintegration (23)
 V - a wand of iceblast (14)
Scrolls
 e - 6 scrolls of magic mapping
 f - 2 scrolls of silence
 g - 5 scrolls of fear
 j - a scroll of fog
 k - 6 scrolls of identify
 l - 13 scrolls of remove curse
 o - 4 scrolls of amnesia
 q - 2 scrolls of enchant armour
 v - 2 scrolls of summoning
 G - a scroll of vulnerability {unknown}
 S - a scroll of holy word
Potions
 a - 2 potions of cancellation
 c - 2 potions of mutation
 h - 2 potions of flight
 i - 7 potions of curing
 x - a potion of invisibility
 z - 5 potions of might
 C - 2 potions of ambrosia
 F - 4 potions of brilliance
 I - 3 potions of agility
 K - a potion of magic
Miscellaneous
 D - a fan of gales
 T - a phial of floods
 U - a phantom mirror
Comestibles
 d - 24 rations


   Skills:
 - Level 6.5 Fighting
 * Level 6.4 Short Blades
 - Level 1.7 Dodging
 - Level 2.4 Stealth
 - Level 2.6 Shields
 - Level 17.3 Spellcasting
 + Level 15.3 Conjurations
 - Level 1.1 Transmutations
 - Level 0.2 Air Magic
 - Level 19.0 Earth Magic
 - Level 0.1 Poison Magic
 * Level 8.5 Evocations


You had 24 spell levels left.
You knew the following spells:

 Your Spells              Type           Power        Failure   Level  Hunger
a - Sandblast             Erth           ######       0%          1    None
b - Passwall              Tmut/Erth      ######..     1%          2    None
c - Stone Arrow           Conj/Erth      ######       0%          3    None
d - Lee's Rapid Deconstr  Erth           #######...   1%          5    ##.....
e - Petrify               Tmut/Erth      ######..     1%          4    None
f - Mephitic Cloud        Conj/Pois/Air  #####...     1%          3    None
g - Swiftness             Chrm/Air       ###.....     4%          2    None
h - Apportation           Tloc           ###...       3%          1    None
i - Sublimation of Blood  Necr           ###.......   4%          2    None
j - Throw Icicle          Conj/Ice       #####...     1%          4    None

Your spell library contained the following spells:

 Spells                   Type           Power        Failure   Level  Hunger
 Conjure Flame            Conj/Fire      #####...     1%          3    None
 Lightning Bolt           Conj/Air       #####.....   1%          5    ##.....
 Confuse                  Hex            ###.....     10%         3    None
 Invisibility             Hex            ###.....     99%         6    #####..
 Freezing Cloud           Conj/Ice/Air   #####.....   16%         6    #####..
 Ring of Flames           Chrm/Fire      ###.......   100%        7    ######.
 Venom Bolt               Conj/Pois      #####.....   1%          5    ##.....
 Olgreb's Toxic Radiance  Pois           ###.....     9%          4    None
 Bolt of Draining         Conj/Necr      #####.....   1%          5    ##.....
 Dispel Undead            Necr           ###.....     67%         5    ##.....
 Sting                    Conj/Pois      ####         1%          1    None
 Tukima's Dance           Hex            ###.....     10%         3    None
 Corpse Rot               Necr           N/A          4%          2    None
 Shock                    Conj/Air       ####         1%          1    None
 Agony                    Necr           ###.....     67%         5    ##.....
 Statue Form              Tmut/Erth      ######...    9%          6    #####..
 Dragon Form              Tmut           ###.......   100%        7    ######.
 Airstrike                Air            ###.......   9%          4    None
 Confusing Touch          Hex            ###...       3%          1    None
 Metabolic Englaciation   Hex/Ice        ###.......   67%         5    ##.....
 Summon Butterflies       Summ           ###.....     3%          1    None
 Static Discharge         Conj/Air       #####...     1%          3    None
 Alistair's Intoxication  Tmut/Pois      ###.....     56%         5    ##.....
 Excruciating Wounds      Chrm/Necr      ###.......   67%         5    ##.....
 Dazzling Spray           Conj/Hex       #####.       1%          3    None
 Hydra Form               Tmut           ###.......   97%         6    #####..
 Irradiate                Conj/Tmut      ######....   1%          5    ##.....
 Gell's Gravitas          Tloc           ###.......   10%         3    None
 Yara's Violent Unravell  Hex/Tmut       ###.......   19%         5    ##.....
 Lesser Beckoning         Tloc           ###.......   10%         3    None
 Poisonous Vapours        Pois/Air       ###...       4%          2    None


Dungeon Overview and Level Annotations

Branches:
Dungeon (15/15)            Temple (1/1) D:4            Lair (6/6) D:9
 Shoals (0/4) Lair:3       Spider (0/4) Lair:4        Slime (0/5) Lair:5
    Orc (2/2) D:11            Elf (3/3) Orc:2        Vaults (0/5) D:14
 Depths (0/5) D:15

Altars:
Ashenzari
Cheibriados
Dithmenos
Elyvilon
Fedhas
Gozag
Hepliaklqana
Kikubaaqudgha
Makhleb
Nemelex Xobeh
Okawaru
Qazlal
Ru
Sif Muna
Trog
Uskayaw
Vehumet
Wu Jian
Xom
Yredelemnul
Zin
The Shining One
Beogh
Jiyva

Shops:
D:6 ?   D:7 =*   D:10 }   D:15 !   Orc:2 =!?[   Elf:2 ?

Annotations:
D:10 exclusions: phantasmal warrior and 1 more exclusion
D:15 exclusion: frost giant
Lair:4 exclusion: oklob plant
Lair:5 Rupert
Lair:6 3 runed doors, Tedocus's ghost, journeyman GnSk
Orc:2 3 runed doors, Pofyus's ghost, journeyman MiFi; Qapireennai's ghost, journeyman MiBe
Elf:2 3 runed doors


Innate Abilities, Weirdness & Mutations

You cannot be hasted, slowed, berserked, paralysed or teleported.
You can dig through walls and to a lower floor.
Your four strong arms can wield two-handed weapons with a shield.
You have a pair of large antennae on your head. (SInv)
You have sharp toenails.
You are partially covered in icy blue scales. (AC +2)
Your flesh is cold resistant. (rC+)
Your muscles are very strong. (Str +4)


Message History

The tentacled starspawn engulfs you but does no damage.
The raiju barely misses you.
You puncture the raiju!
The raiju is severely wounded.
The tentacled starspawn bites you!!
* * * LOW HITPOINT WARNING * * *
The tentacled starspawn engulfs you.
* * * LOW HITPOINT WARNING * * *
The raiju bites you but does no damage.
Okay, then.
You puncture the raiju!
The raiju is almost dead.
A tentacle flies out from the starspawn's body!
The raiju bites you but does no damage.
A starspawn tentacle comes into view.
Unknown command.
You closely miss the raiju.
The raiju is almost dead.
The tentacled starspawn bites you!!
You die...

###### ...%#
... ##h### .
. ## #w@#.#
# .. . ##.#
#X##.# {
.... ##{{.#
.# [ #...##
#.# ##
.###..
#...###. #
{{ ### # ##.
. .#. ..{ #
# ...# #.
..### #. .
#*##...###X#
ยง#F#. # ###
##.# # .. #


You could see a tentacled starspawn, a raiju and a starspawn tentacle.

Vanquished Creatures
  2 deep elf blademasters (Elf:3)
  A deep elf master archer (Elf:3)
  2 sphinxes (D:13)
  Gastronok (Orc:1)
  Kirke (Lair:5)
  A tengu reaver (D:13)
  10 deep elf sorcerers
  A frost giant (D:13)
  4 deep elf elementalists (Elf:3)
  7 deep elf annihilators
  2 deep elf demonologists (Elf:3)
  Azrael (D:15)
  A deep elf death mage (Elf:2)
  Josephine (Orc:1)
  A death ooze (Lair:2)
  6 deep elf high priests (Elf:3)
  The ghost of Hedig the Geomancer, a journeyman GrEE of Vehumet (Lair:2)
  Harold (Lair:2)
  Fannar (Lair:1)
  10 hydras
  A catoblepas (Lair:6)
  Erica (D:11)
  A centaur warrior (D:15)
  3 ogre magi
  2 death yaks (Lair:6)
  2 death knights
  15 dancing weapons
  A deep troll shaman (Lair:6)
  An orc high priest (D:11)
  23 two-headed ogres
  6 deep elf knights
  5 skeletal warriors (D:14)
  3 unseen horrors
  2 deep trolls (Orc:2)
  2 wizards (D:14)
  The ghost of Exacuph the Cleaver, a novice HOFi of Beogh (D:6)
  3 orc knights
  A phantasmal warrior (D:14)
  13 deep elf archers
  10 ugly things
  6 cyclopes
  35 deep elf magi
  3 merfolk sirens (Lair:3)
  A black mamba (Lair:1)
  4 elephants (Lair:6)
  A centaur zombie (D:15)
  A guardian serpent (shapeshifter) (Elf:2)
  Maurice (D:12)
  6 spiny frogs
  7 komodo dragons
  A rime drake (Lair:6)
  2 freezing wraiths
  A yaktaur (D:15)
  An ancient zyme (Elf:3)
  A merfolk (Lair:3)
  17 trolls
  A tyrant leech (shapeshifter) (D:13)
  5 polar bears
  19 blink frogs
  A hornet (D:13)
  3 raiju (Abyss:2)
  13 hippogriffs
  3 air elementals
  A shadow (D:14)
  2 water elementals
  A hog (Lair:5)
  9 wraiths
  6 fire elementals
  2 wyverns
  18 yaks
  2 basilisks
  4 vampire mosquitoes
  Grum (D:8)
  2 steam dragons
  Menkaure (D:7)
  2 hungry ghosts
  6 wargs
  11 water moccasins
  12 porcupines
  3 hell hounds
  24 orc warriors
  A floating eye (shapeshifter) (Elf:1)
  2 sky beasts (D:11)
  2 eyes of draining (D:9)
  2 ice beasts
  A black bear (D:11)
  4 phantoms
  28 ogres
  A boggart (D:13)
  A necrophage (D:6)
  14 wolves
  3 centaurs
  7 crocodiles
  Blork the orc (D:6)
  13 bullfrogs
  2 earth elementals
  A scorpion (D:13)
  2 troll zombies (D:11)
  6 killer bees (D:7)
  A howler monkey (D:9)
  7 crimson imps
  A quasit (D:7)
  A bullfrog skeleton (D:5)
  8 jellies
  5 hounds
  15 orc priests
  10 orc wizards
  9 centaur skeletons
  Ijyb (D:3)
  Terence (D:2)
  5 iguanas
  8 hell rats (Lair:3)
  7 worker ants
  4 ogre zombies (D:11)
  2 hound zombies
  Robin (D:2)
  8 gnolls
  18 adders
  A howler monkey skeleton (D:9)
  13 river rats (Lair:3)
  2 shadow imps
  An adder skeleton (D:7)
  2 adder zombies (D:6)
  3 worms
  2 dart slugs
  3 leopard geckos
  77 orcs
  5 bats
  6 giant cockroaches
  11 hobgoblins
  10 jackals
  4 kobolds
  13 quokkas
  A ball python (D:7)
  4 frilled lizards
  A giant cockroach zombie (D:6)
  12 goblins
  2 goblin zombies (D:11)
  7 hobgoblin zombies (D:11)
  A leopard gecko skeleton (D:4)
  3 orc skeletons (D:11)
  7 orc zombies (D:11)
  23 rats
  14 plants (Lair:1)
822 creatures vanquished.

Vanquished Creatures (others)
  Asterion (Elf:1)
  Nessos (D:15)
  A deep elf knight (Elf:2)
  A centaur zombie (D:15)
  2 centaur skeletons (D:15)
  A centaur (D:13)
  A bullfrog (D:15)
  An orc (D:15)
  12 fungi
  9 plants
  2 starspawn tentacles (Abyss:2)
  3 withered plants (Orc:2)
35 creatures vanquished.

Grand Total: 857 creatures vanquished

Notes
Turn   | Place    | Note
-------+----------+-------------------------------------------
     0 | D:1      | Jorund the Formicid Earth Elementalist began the quest for the Orb.
     0 | D:1      | Reached XP level 1. HP: 13/13 MP: 3/3
   134 | D:1      | Reached skill level 4 in Earth Magic
   134 | D:1      | Reached XP level 2. HP: 15/19 MP: 3/5
  1041 | D:2      | Gained mutation: You are dopey. (Int -2) [potion of mutation]
  1041 | D:2      | Gained mutation: You are partially covered in icy blue scales. (AC +2) [potion of mutation]
  1042 | D:2      | Lost mutation: You are dopey. (Int -2) [potion of mutation]
  1042 | D:2      | Gained mutation: You evolve. [potion of mutation]
  1042 | D:2      | Gained mutation: Your muscles are strong. (Str +2) [potion of mutation]
  1042 | D:2      | Gained mutation: You have sharp toenails. [potion of mutation]
  1076 | D:2      | Reached XP level 3. HP: 16/24 MP: 6/6
  1127 | D:2      | Reached XP level 4. HP: 24/30 MP: 6/8
  1168 | D:2      | Noticed Terence
  1177 | D:2      | Killed Terence
  1177 | D:2      | Reached skill level 1 in Short Blades
  1177 | D:2      | Reached skill level 5 in Earth Magic
  1268 | D:2      | Learned a level 2 spell: Passwall
  1272 | D:2      | Learned a level 3 spell: Stone Arrow
  1289 | D:2      | Reached XP level 5. HP: 35/35 MP: 6/9
  1292 | D:2      | Found an opulent altar of Gozag.
  1334 | D:2      | Found a burning altar of Makhleb.
  1342 | D:2      | Noticed Robin
  1424 | D:2      | Killed Robin
  2027 | D:3      | Noticed Ijyb
  2033 | D:3      | Killed Ijyb
  2033 | D:3      | Reached XP level 6. HP: 41/41 MP: 7/11
  2680 | D:3      | Reached skill level 6 in Earth Magic
  3085 | D:4      | Found a shadowy altar of Dithmenos.
  3144 | D:4      | Found a glowing golden altar of the Shining One.
  3452 | D:4      | Reached XP level 7. HP: 39/46 MP: 13/13
  3552 | D:4      | Learned a level 5 spell: Lee's Rapid Deconstruction
  3557 | D:4      | Learned a level 4 spell: Petrify
  3759 | D:4      | Found a staircase to the Ecumenical Temple.
  3918 | Temple   | Entered the Ecumenical Temple
  3952 | Temple   | Gained mutation: Your muscles are very strong. (Str +4) [evolution]
  4038 | D:5      | Entered Level 5 of the Dungeon
  4279 | D:5      | Reached skill level 5 in Spellcasting
  4481 | D:5      | Reached skill level 1 in Conjurations
  4552 | D:5      | Reached skill level 7 in Earth Magic
  4619 | D:5      | Found a white marble altar of Elyvilon.
  4641 | D:5      | Reached XP level 8. HP: 49/52 MP: 16/16
  4905 | D:6      | Found Loelorr's Magic Scroll Shop.
  4926 | D:6      | Bought a scroll of identify for 26 gold pieces
  4926 | D:6      | Bought a scroll of identify for 26 gold pieces
  4926 | D:6      | Bought a scroll of identify for 26 gold pieces
  4926 | D:6      | Bought a scroll of identify for 26 gold pieces
  4926 | D:6      | Bought a scroll of magic mapping for 45 gold pieces
  4992 | D:6      | Found an iron altar of Okawaru.
  5007 | D:6      | Found a basalt altar of Yredelemnul.
  5072 | D:6      | Found a shadowy altar of Dithmenos.
  5083 | D:6      | Found a runed gate.
  5084 | D:6      | Found a runed gate.
  5084 | D:6      | Found a runed gate.
  5086 | D:6      | Noticed Exacuph's ghost (novice HOFi)
  5089 | D:6      | Found a roughly hewn altar of Beogh.
  5115 | D:6      | Noticed Blork the orc
  5120 | D:6      | Killed Blork the orc
  5212 | D:6      | Found a radiant altar of Vehumet.
  5250 | D:6      | Became a worshipper of Vehumet
  5539 | D:7      | Noticed a hippogriff
  5543 | D:7      | Killed a hippogriff
  5543 | D:7      | Reached skill level 8 in Earth Magic
  5579 | D:7      | Reached XP level 9. HP: 43/57 MP: 1/18
  6033 | D:7      | Noticed Menkaure
  6038 | D:7      | Killed Menkaure
  6038 | D:7      | Reached skill level 9 in Earth Magic
  6073 | D:7      | Found Emopn's General Store.
  6087 | D:7      | Bought a potion of curing for 42 gold pieces
  6138 | D:7      | Reached * piety under Vehumet
  6138 | D:7      | Offered knowledge of Freeze by Vehumet.
  6249 | D:7      | Found Bibb's Jewellery Emporium.
  6252 | D:7      | Bought a cursed amulet of inaccuracy for 30 gold pieces
  6451 | D:8      | Found a burning altar of Makhleb.
  6592 | D:8      | Noticed Grum
  6649 | D:8      | Noticed a hippogriff
  6666 | D:8      | Killed a hippogriff
  6887 | D:8      | Reached skill level 10 in Earth Magic
  6887 | D:8      | Reached skill level 1 in Evocations
  6911 | D:8      | Found a snail-covered altar of Cheibriados.
  6935 | D:8      | Found an ornate altar of the Wu Jian Council.
  6944 | D:8      | Killed Grum
  6944 | D:8      | Reached XP level 10. HP: 63/63 MP: 3/22
  7324 | D:8      | Found a shimmering altar of Xom.
  7326 | D:8      | Found a burning altar of Makhleb.
  7326 | D:8      | Found a basalt altar of Yredelemnul.
  7328 | D:8      | Found a sparkling altar of Nemelex Xobeh.
  7328 | D:8      | Found a shimmering altar of Xom.
  7328 | D:8      | Found a shadowy altar of Dithmenos.
  7466 | D:9      | Found a stormy altar of Qazlal.
  7527 | D:9      | Reached skill level 11 in Earth Magic
  8001 | D:9      | Noticed a two-headed ogre
  8113 | D:9      | Killed a two-headed ogre
  8192 | D:9      | Reached skill level 5 in Short Blades
  8319 | D:9      | Reached ** piety under Vehumet
  8323 | D:9      | Offered knowledge of Sting by Vehumet.
  8377 | D:9      | Found a blossoming altar of Fedhas.
  8384 | D:9      | Reached skill level 10 in Spellcasting
  8384 | D:9      | Reached XP level 11. HP: 56/68 MP: 15/25
  8486 | D:9      | Found a staircase to the Lair.
  8886 | D:9      | Got a blackened chain mail
  8936 | D:9      | Reached skill level 12 in Earth Magic
  9047 | D:9      | Identified the +2 chain mail of Magic {rF- rCorr Dex+3} (You found it on level 9 of the Dungeon)
  9062 | D:10     | Entered Level 10 of the Dungeon
  9127 | D:10     | Noticed an unseen horror
  9379 | D:10     | Noticed a phantasmal warrior
  9420 | D:10     | Reached skill level 1 in Shields
  9652 | D:10     | Killed an unseen horror
  9737 | D:10     | Reached skill level 5 in Conjurations
  9777 | D:10     | Offered knowledge of Mephitic Cloud by Vehumet.
  9798 | D:10     | Learned a level 3 spell: Mephitic Cloud
  9911 | D:10     | Found Aqiutal's Gadget Shoppe.
  9999 | D:10     | Gained mutation: Your flesh is cold resistant. (rC+) [evolution]
  9999 | D:10     | Lost mutation: You evolve. [end of evolution]
 10172 | D:10     | Learned a level 2 spell: Swiftness
 10240 | Lair:1   | Entered Level 1 of the Lair of Beasts
 10295 | Lair:1   | Noticed an eight-headed hydra
 10516 | Lair:1   | Killed an eight-headed hydra
 10516 | Lair:1   | Reached *** piety under Vehumet
 10516 | Lair:1   | Reached skill level 13 in Earth Magic
 10802 | Lair:1   | Reached XP level 12. HP: 39/74 MP: 22/27
 10928 | Lair:1   | Found a white marble altar of Elyvilon.
 11025 | Lair:1   | Noticed Fannar
 11053 | Lair:1   | Killed Fannar
 12574 | Lair:2   | Offered knowledge of Sticky Flame by Vehumet.
 12586 | Lair:2   | Reached skill level 14 in Earth Magic
 12923 | Lair:2   | Found a runed gate.
 12925 | Lair:2   | Found a runed gate.
 12925 | Lair:2   | Found a runed gate.
 12925 | Lair:2   | Found a viscous altar of Jiyva.
 12925 | Lair:2   | Noticed a death ooze
 12925 | Lair:2   | Noticed Hedig's ghost (journeyman GrEE)
 12960 | Lair:2   | Noticed Harold
 12973 | Lair:2   | Killed Harold
 13529 | Lair:3   | Found a staircase to the Shoals.
 13717 | Lair:3   | Noticed a four-headed hydra
 13719 | Lair:3   | Noticed a six-headed hydra
 13730 | Lair:3   | Killed a four-headed hydra
 13765 | Lair:3   | Killed a six-headed hydra
 13765 | Lair:3   | Reached XP level 13. HP: 79/79 MP: 30/30
 13809 | Lair:3   | Reached skill level 15 in Earth Magic
 14111 | Lair:3   | Reached **** piety under Vehumet
 14123 | Lair:3   | Offered knowledge of Throw Icicle by Vehumet.
 14808 | Lair:4   | Found a hole to the Spider Nest.
 15154 | Lair:4   | Noticed a seven-headed hydra
 15170 | Lair:4   | Killed a seven-headed hydra
 15197 | Lair:4   | Got a pair of twisted gloves
 15211 | Lair:4   | Identified the -5 pair of gloves of Vakapa {rF+ Regen+ Int+5 Dex-5} (You found it on level 4 of the Lair of Beasts)
 15233 | Lair:4   | Found the +3 crown of Dyrovepreva {rElec Int+2 SInv}
 15322 | Lair:4   | Noticed a four-headed hydra
 15328 | Lair:4   | Killed a four-headed hydra
 15446 | Lair:4   | Learned a level 1 spell: Apportation
 15452 | Lair:4   | Identified 3 scrolls of acquirement
 15453 | Lair:4   | Got a pitted silver ring
 15455 | Lair:4   | Identified the ring of Iwkipn {+Inv rElec rN+ Dex+6} (You acquired it on level 4 of the Lair of Beasts)
 15464 | Lair:4   | Got a coiled amethyst amulet
 15472 | Lair:4   | Identified the amulet of Feffa {Reflect +Blink rElec Int-2 Dex+2 SH+5} (You acquired it on level 4 of the Lair of Beasts)
 15504 | Lair:5   | Learned a level 2 spell: Sublimation of Blood
 15618 | Lair:5   | Found a staircase to the Slime Pits.
 16067 | Lair:5   | Noticed a four-headed hydra
 16073 | Lair:5   | Killed a four-headed hydra
 16295 | Lair:5   | Noticed Rupert
 16355 | Lair:5   | Reached skill level 16 in Earth Magic
 16416 | Lair:5   | Got an encrusted broad axe
 16493 | Lair:5   | Identified the +5 broad axe "Xecoerch" {drain, rF- MR+ Int+4 Dex+2} (You found it on level 5 of the Lair of Beasts)
 16898 | Lair:5   | Noticed Kirke
 16910 | Lair:5   | Killed Kirke
 16948 | Lair:6   | Entered Level 6 of the Lair of Beasts
 17217 | Lair:6   | Found a runed gate.
 17218 | Lair:6   | Found a runed gate.
 17218 | Lair:6   | Noticed a death ooze
 17219 | Lair:6   | Found a runed gate.
 17219 | Lair:6   | Noticed a death ooze
 17219 | Lair:6   | Noticed Tedocus's ghost (journeyman GnSk)
 17245 | Lair:6   | Noticed a six-headed hydra
 17250 | Lair:6   | Killed a six-headed hydra
 17250 | Lair:6   | Reached skill level 15 in Spellcasting
 17269 | Lair:6   | Found a viscous altar of Jiyva.
 17357 | Lair:6   | Reached XP level 14. HP: 64/85 MP: 11/33
 18045 | Lair:6   | Reached ***** piety under Vehumet
 18230 | Lair:6   | Learned a level 4 spell: Throw Icicle
 18774 | Lair:6   | Offered knowledge of Fulminant Prism by Vehumet.
 19247 | D:6      | Killed Exacuph's ghost
 19247 | D:6      | Reached skill level 17 in Earth Magic
 19503 | D:5      | Found a basalt altar of Yredelemnul.
 19551 | D:6      | Got a slimy long sword {holy}
 19572 | D:6      | Got a steaming hat
 19575 | D:6      | Identified the +5 hat of Kaeletib {rF+} (You found it on level 6 of the Dungeon)
 19583 | D:6      | Identified the +2 long sword of Radicalism {holy, rF- Str+9 Int+2 SInv} (You took it off an orc warrior on level 6 of the Dungeon)
 19903 | Lair:2   | Killed Hedig's ghost
 20202 | D:11     | Found a staircase to the Orcish Mines.
 20264 | D:11     | Noticed Erica
 20269 | D:11     | Killed Erica
 20926 | D:12     | Noticed Maurice
 20931 | D:12     | Killed Maurice
 21185 | D:12     | Got a pearl-studded plate armour
 21552 | D:12     | Identified the +10 plate armour "Feud" {*Drain rElec Int+9 Dex-4} (You found it on level 12 of the Dungeon)
 22076 | D:13     | Reached XP level 15. HP: 86/90 MP: 35/35
 22157 | D:13     | Reached skill level 18 in Earth Magic
 22202 | D:13     | Noticed a purple very ugly thing
 22555 | D:13     | Noticed a frost giant
 22559 | D:13     | Killed a frost giant
 22579 | D:13     | Noticed a sphinx
 22583 | D:13     | Killed a sphinx
 22591 | D:13     | Noticed a tengu reaver
 22596 | D:13     | You fall through a shaft!
 23007 | D:14     | Found a gate to the Vaults.
 23455 | D:13     | Noticed a sphinx
 23459 | D:13     | Killed a sphinx
 23562 | D:13     | Killed a tengu reaver
 23572 | D:13     | Got a smoking granite ring
 23605 | D:13     | Noticed a storm dragon
 23616 | D:13     | Identified the ring of Xom's Full Attention {+Inv AC+4 Slay+2 Stlth+} (You took it off a tengu reaver on level 13 of the Dungeon)
 23642 | D:13     | You fall through a shaft for 2 floors!
 23642 | D:15     | Entered Level 15 of the Dungeon
 23642 | D:15     | Found a sacrificial altar of Ru.
 23642 | D:15     | Noticed Azrael
 23645 | D:15     | Noticed Nessos
 24397 | Orc:1    | Entered Level 1 of the Orcish Mines
 25275 | Orc:1    | Noticed Gastronok
 25297 | Orc:1    | Killed Gastronok
 25618 | Orc:2    | Entered Level 2 of the Orcish Mines
 25765 | Orc:2    | Reached skill level 19 in Earth Magic
 25766 | Orc:2    | Found a staircase to the Elven Halls.
 25772 | Orc:2    | Found Lere Leiw's Magic Scroll Boutique.
 25782 | Orc:2    | Offered knowledge of Iron Shot by Vehumet.
 26011 | Orc:2    | Found a runed gate.
 26011 | Orc:2    | Found a runed gate.
 26012 | Orc:2    | Found a runed gate.
 26443 | Orc:2    | Reached XP level 16. HP: 97/97 MP: 37/37
 26446 | Orc:2    | Found Vokhil's Antique Armour Shoppe.
 26448 | Orc:2    | Found Ceitwox's Distillery.
 26459 | Orc:2    | Noticed Qapireennai's ghost (journeyman MiBe)
 26496 | Orc:2    | Noticed Pofyus's ghost (journeyman MiFi)
 26510 | Orc:2    | Bought a potion of curing for 42 gold pieces
 26510 | Orc:2    | Bought a potion of might for 56 gold pieces
 26510 | Orc:2    | Bought a potion of curing for 42 gold pieces
 26510 | Orc:2    | Bought 2 potions of might for 112 gold pieces
 26512 | Orc:2    | Found Romonops's Jewellery Boutique.
 26515 | Orc:2    | Bought a polished leather armour for 175 gold pieces
 26641 | Orc:2    | Reached skill level 1 in Fighting
 27042 | Orc:2    | Found a roughly hewn altar of Beogh.
 27590 | Orc:1    | Found a bloodstained altar of Trog.
 27685 | Orc:1    | Found a roughly hewn altar of Beogh.
 27686 | Orc:1    | Noticed Josephine
 27797 | Orc:1    | Killed Josephine
 27993 | Orc:1    | Identified the +1 leather armour of Light {Slay+3 Stlth+} (You bought it in a shop on level 2 of the Orcish Mines)
 28287 | D:14     | Offered knowledge of Venom Bolt by Vehumet.
 28600 | D:15     | Reached skill level 10 in Conjurations
 29306 | D:15     | Killed Nessos
 29849 | D:15     | Killed Azrael
 30051 | D:15     | Found a staircase to the Depths.
 30051 | D:15     | Noticed a frost giant
 30310 | D:15     | Found Quyffech's Distillery.
 30313 | D:15     | Bought a potion of curing for 48 gold pieces
 30313 | D:15     | Bought a potion of heal wounds for 80 gold pieces
 30313 | D:15     | Bought a potion of curing for 48 gold pieces
 30313 | D:15     | Bought a potion of might for 64 gold pieces
 30313 | D:15     | Bought a potion of curing for 48 gold pieces
 30313 | D:15     | Bought a potion of magic for 128 gold pieces
 30313 | D:15     | Bought a potion of agility for 64 gold pieces
 30518 | Elf:1    | Entered Level 1 of the Elven Halls
 30788 | Elf:1    | Reached XP level 17. HP: 113/113 MP: 24/38
 30885 | Elf:1    | Got a bloodstained shield
 30886 | Elf:1    | Identified the cursed -3 shield of Baldness {Int+5} (You found it on level 1 of the Elven Halls)
 30964 | Elf:1    | Identified the Compendium of Arcane Weapons
 31013 | Elf:1    | Reached skill level 5 in Evocations
 31346 | Elf:1    | Reached skill level 5 in Fighting
 31694 | Elf:1    | Noticed Asterion
 31701 | Elf:1    | Killed Asterion
 32210 | Elf:2    | Found Lomi's Magic Scroll Shop.
 32267 | Elf:2    | Offered knowledge of Bolt of Cold by Vehumet.
 32542 | Elf:2    | Found a runed gate.
 32542 | Elf:2    | Found a runed gate.
 32542 | Elf:2    | Found a runed gate.
 33452 | Elf:3    | Entered Level 3 of the Elven Halls
 34094 | Elf:3    | Noticed a deep elf master archer
 34097 | Elf:3    | Killed a deep elf master archer
 34140 | Elf:3    | Reached XP level 18. HP: 125/125 MP: 33/39
 34685 | Elf:3    | Noticed a deep elf blademaster
 34716 | Elf:3    | Killed a deep elf blademaster
 34716 | Elf:3    | Cast into level 3 of the Abyss (a deep elf sorcerer)
 34769 | Elf:3    | Escaped the Abyss
 34985 | Elf:3    | Noticed a deep elf blademaster
 34989 | Elf:3    | Killed a deep elf blademaster
 35160 | Elf:3    | Got an encrusted short sword {drain}
 35189 | Elf:3    | Reached skill level 15 in Conjurations
 35463 | Elf:3    | Got a faintly humming leather armour
 35464 | Elf:3    | Identified the +5 leather armour "Tecy Bih" {Str+2 Int+4} (You took it off a deep elf high priest on level 3 of the Elven Halls)
 35465 | Elf:3    | Identified the cursed +1 short sword "Orb Guardian's Regret" {drain, rElec} (You took it off a deep elf sorcerer on level 3 of the Elven Halls)
 35626 | Elf:3    | Cast into level 2 of the Abyss (a deep elf sorcerer)
 35732 | Abyss:2  | Slain by a tentacled starspawn

Skill      XL: |  1  2  3  4  5  6  7  8  9 10 11 12 13 14 15 16 17 18 |
---------------+-------------------------------------------------------+-----
Earth Magic    | 4 5 6 7 8 10 11 13 14 16 17 19 | 19.0
Short Blades   | 1 2 3 4 5 6 |  6.4
Spellcasting   | 3 4 5 6 8 10 11 13 15 16 17 | 17.3
Conjurations   | 1 3 4 5 6 8 11 14 15 | 15.3
Evocations     | 1 4 7 8 |  8.5
Shields        | 2 |  2.6
Fighting       | 4 6 |  6.5
Dodging        | |  1.7
Stealth        | |  2.4
Transmutations | |  1.1
Air Magic      | |  0.2
Poison Magic   | |  0.1

Action                   |  1- 3 |  4- 6 |  7- 9 | 10-12 | 13-15 | 16-18 || total
-------------------------+-------+-------+-------+-------+-------+-------++-------
Melee: Short sword       |    51 |   113 |    68 |   570 |    19 |       ||   821
       Kick              |     2 |    19 |    14 |    17 |       |       ||    52
       Staff             |       |       |       |     7 |     1 |     1 ||     9
       Rapier            |       |       |       |       |   109 |    73 ||   182
 Cast: Sandblast         |    16 |    62 |    36 |   177 |   213 |       ||   504
       Stone Arrow       |       |     7 |    70 |    67 |   312 |   240 ||   696
       Lee's Rapid Decon |       |       |     3 |    37 |   150 |   296 ||   486
       Passwall          |       |       |       |     2 |     1 |       ||     3
       Petrify           |       |       |       |     1 |    21 |     5 ||    27
       Mephitic Cloud    |       |       |       |       |     7 |       ||     7
       Apportation       |       |       |       |       |     2 |       ||     2
       Swiftness         |       |       |       |       |     4 |     1 ||     5
 Abil: Dig               |       |       |       |     1 |       |     2 ||     3
       Shaft Self        |       |       |       |       |     2 |       ||     2
Evoke: Wand              |       |       |    13 |     4 |     3 |     4 ||    24
       Fan of gales      |       |       |       |     1 |     2 |       ||     3
       Phial of floods   |       |       |       |       |     1 |       ||     1
  Use: Scroll            |     4 |     1 |    11 |     6 |    15 |    11 ||    48
       Potion            |     2 |       |     1 |     3 |     4 |    10 ||    20
 Stab: Sleeping          |     2 |     6 |     2 |       |     2 |       ||    12
       Paralysed         |       |       |       |     2 |       |       ||     2
  Eat: Chunk             |       |     9 |    11 |    19 |    34 |    19 ||    92
       Ration            |       |       |     1 |     3 |     5 |     9 ||    18
Armor: Robe              |    18 |    23 |    17 |    26 |    81 |    65 ||   230
Dodge: Dodged            |    43 |    71 |    49 |    91 |   146 |    92 ||   492
Block: Buckler           |       |       |       |    12 |   145 |   107 ||   264
       Reflection        |       |       |       |       |     6 |    19 ||    25
